 Dungeon Crawl Stone Soup version 0.31.0-9-g3a7656b989 (webtiles) character file.

Game seed: 809367384019909044

681 qw the Skirmisher (level 7, -5/41 HPs)
             Began as a Deep Elf Hunter on Feb 2, 2024.
             Slain by an ogre
             ... wielding a +0 giant club
              (19 damage)
             ... on level 5 of the Dungeon.
             The game lasted 00:00:15 (3207 turns).

qw the Skirmisher (Deep Elf Hunter)                 Turns: 3207, Time: 00:00:15

Health: -5/41      AC:  7    Str: 10    XL:     7   Next: 34%
Magic:  9/9        EV: 12    Int: 14    God:
Gold:   180        SH:  0    Dex: 18    Spells: 6/6 levels left

rFire   . . .        a - +1 shortbow (heavy)
rCold   . . .        (shield currently unavailable)
rNeg    . . .        h - +2 ring mail
rPois   .            (no helmet)
rElec   .            (no cloak)
rCorr   .            (no gloves)
SInv    .            (no boots)
Will    .....        j - amulet of faith
Stlth   +            (no ring)
HPRegen 0.26/turn    (no ring)
MPRegen 0.11/turn

%: faith
@: no status effects
A: no striking features
a: no special abilities


You were on level 5 of the Dungeon.
You visited 1 branch of the dungeon, and saw 5 of its levels.

You collected 180 gold pieces.


   Skills:
 - Level 3.0 Fighting
 - Level 14.9 Ranged Weapons
 - Level 1.4 Armour
 + Level 4.7 Dodging
 - Level 1.2 Stealth


You had 6 spell levels left.
You didn't know any spells.
Your spell library was empty.

Inventory:

Hand Weapons
 a - a +1 heavy shortbow (weapon)
Armour
 h - a +2 ring mail (worn)
Jewellery
 j - an amulet of faith (around neck)
 l - an amulet of reflection
Scrolls
 b - a scroll of brand weapon
Potions
 f - 2 potions of heal wounds
 m - a potion of enlightenment
 n - a potion of brilliance {unknown}
 o - a potion of might {unknown}

Dungeon Overview and Level Annotations

Branches:
Dungeon (5/15)
 Temple: D:4-7

Altars:
Wu Jian

Shops:
D:1 =[

Annotations:
D:3 3 runed translucent doors, qw's ghost, amateur SpHu; qw's ghost, weakling SpHu


Message History

You shoot an arrow. The arrow barely misses the black bear.
The black bear growls angrily.
The ogre shouts!
You hear a shout!
An orc wizard comes into view. It is wielding a +0 dagger.
Enter note:
Enter note:
Enter note:
Enter note:
3200 ||| RETREEEEATING.
The orc wizard shouts!
Items here: %% ))) [[.
Enter note:
Enter note:
3201 ||| RETREEEEATING.
Enter note:
Enter note:
3202 ||| RETREEEEATING.
A black bear comes into view.
Enter note:
Enter note:
3203 ||| RETREEEEATING.
3204 ||| RETREEEEATING.
The black bear bites you but does no damage.
The black bear claws you but does no damage. x2
Items here: %% ))) [[.
3205 ||| RETREEEEATING.
The orc wizard gestures wildly while chanting.
The orc wizard flickers and vanishes!
Deactivating autopickup; reactivate with Ctrl-A.
You shoot an arrow. The arrow hits the ogre!
The ogre is heavily wounded.
The black bear bites you but does no damage.
The black bear claws you. The black bear closely misses you.
The ogre hits you with a +0 giant club!!
Ouch! That really hurt!
The black bear bites you. The black bear claws you. x2
You shoot an arrow. The arrow hits the ogre!
The ogre is almost dead.
The ogre hits you with a +0 giant club!!
You die...

#..# #.### ##.##..##.......#
.###.######.#####......###.....##
.....<..............##.###.....##
.#.........########..#.##.......#
#...........# ##.#.##........
...........#.### #...##........
.#.............######..##........
##.........#....................#
###############@###.......#....#
#######hOo..........#..#
#..................##..#
......h########.........##..#
....o.. ...........##..# ...>...
###.............# ...)...
..............# .......
............). .......
.............


You could see a black bear, an ogre and an orc.

Vanquished Creatures
  An ice beast (D:5)
  An ogre (D:4)
  A howler monkey (D:4)
  2 hounds
  A bombardier beetle (D:4)
  2 orc priests (D:5)
  2 iguanas
  3 orc wizards
  6 adders
  3 dart slugs
  A ribbon worm (D:2)
  4 orcs
  12 ball pythons
  10 endoplasms
  5 giant cockroaches
  5 goblins
  9 hobgoblins
  3 jackals (D:1)
  2 quokkas (D:1)
  5 bats
  3 frilled lizards
  8 kobolds
  4 rats
93 creatures vanquished.

Notes
Turn   | Place    | Note
-------+----------+-------------------------------------------
     0 | D:1      | qw the Deep Elf Hunter began the quest for the Orb.
     0 | D:1      | Reached XP level 1. HP: 12/12 MP: 3/3
     0 | D:1      | 0 ||| qw: Version: 0.3-a-155-g5e7d8dd
     0 | D:1      | 0 ||| qw: Game counter: 2175
     0 | D:1      | 0 ||| qw: Melee chars always use a shield: true
     0 | D:1      | 0 ||| qw: God list: Okawaru
     0 | D:1      | 0 ||| qw: Allow faded altars: false
     0 | D:1      | 0 ||| qw: Do Orc after clearing Dungeon:15 true
     0 | D:1      | 0 ||| qw: Do second Lair branch before Depths: true
     0 | D:1      | 0 ||| qw: Lair rune preference: random
     0 | D:1      | 0 ||| qw: Goals: Normal
     0 | D:1      | 0 ||| PLANNING D:1-11
    57 | D:1      | Reached XP level 2. HP: 14/16 MP: 4/4
    96 | D:1      | Reached skill level 6 in Ranged Weapons
   145 | D:1      | Found Warin's Armour Boutique.
   157 | D:1      | 157 ||| SHOPLISTING +0 scale mail (40 gold, have 0).
   157 | D:1      | 157 ||| SHOPLISTING +1 leather armour of fire resistance
                  | (140 gold, have 0).
   157 | D:1      | 157 ||| SHOPLISTING +2 pair of gloves (165 gold, have 0).
   157 | D:1      | 157 ||| SHOPLISTING quicksilver dragon scales (600 gold,
                  | have 0).
   231 | D:1      | Found Fust's Jewellery Shoppe.
   240 | D:1      | 240 ||| SHOPLISTING +4 ring of protection (360 gold, have
                  | 0).
   240 | D:1      | 240 ||| SHOPLISTING +4 ring of slaying (780 gold, have 0).
   240 | D:1      | 240 ||| SHOPLISTING ring of fire (250 gold, have 0).
   240 | D:1      | 240 ||| SHOPLISTING ring of ice (250 gold, have 0).
   240 | D:1      | 240 ||| SHOPLISTING ring of positive energy (200 gold, have
                  | 0).
   240 | D:1      | 240 ||| SHOPLISTING ring of see invisible (150 gold, have
                  | 0).
   311 | D:1      | Reached XP level 3. HP: 20/20 MP: 5/5
   563 | D:1      | You fall into a shaft and drop 1 floor!
   564 | D:2      | 564 ||| UPGRADING to +0 ring mail.
   574 | D:2      | 574 ||| DROPPING +0 leather armour.
   575 | D:2      | 575 ||| UPGRADING to amulet of faith.
   580 | D:2      | 580 ||| READING scroll labelled VIMULI QISETAEBECO.
   580 | D:2      | 580 ||| IDENTIFYING white potion
   581 | D:2      | 581 ||| READING scroll labelled LENLOO LOIFU.
   582 | D:2      | 582 ||| DROPPING scroll of butterflies.
   583 | D:2      | 583 ||| DROPPING potion of degeneration.
   585 | D:2      | Found a faded altar of an unknown god.
   669 | D:1      | 669 ||| READING scroll of identify.
   669 | D:1      | 669 ||| IDENTIFYING golden potion
   670 | D:1      | 670 ||| DRINKING potion of experience.
   670 | D:1      | Reached skill level 14 in Ranged Weapons
   670 | D:1      | Reached XP level 4. HP: 25/25 MP: 6/6
  1393 | D:2      | 1393 ||| READING scroll labelled ICOAXIHENA.
  1397 | D:2      | 1397 ||| READING scroll labelled TITYLIDW WIBRI.
  1397 | D:2      | 1397 ||| ENCHANTING +0 ring mail.
  1398 | D:2      | 1398 ||| READING scroll labelled CYFIOGR RIPS.
  1499 | D:2      | 1499 ||| READING scroll labelled UPPOAFANACS.
  1499 | D:2      | 1499 ||| BRANDING +0 shortbow.
  1500 | D:2      | 1500 ||| DRINKING 2 cyan potions.
  1501 | D:2      | 1501 ||| DRINKING 2 smoky sapphire potions.
  1645 | D:3      | Reached XP level 5. HP: 29/30 MP: 7/7
  1743 | D:3      | Found a runed translucent gate.
  1743 | D:3      | Found a runed translucent gate.
  1747 | D:3      | Found a runed translucent gate.
  1749 | D:3      | Noticed qw's ghost (weakling SpHu)
  1749 | D:3      | Noticed qw's ghost (amateur SpHu)
  2017 | D:3      | 2017 ||| READING 2 scrolls of identify.
  2017 | D:3      | 2017 ||| IDENTIFYING red potion
  2018 | D:3      | 2018 ||| READING scroll of identify.
  2018 | D:3      | 2018 ||| IDENTIFYING amethyst potion
  2019 | D:3      | 2019 ||| READING scroll labelled HINEDW KECLEWE.
  2020 | D:3      | 2020 ||| DRINKING 2 sapphire potions.
  2021 | D:3      | 2021 ||| DRINKING potion of curing.
  2021 | D:3      | 2021 ||| (to cure confusion)
  2022 | D:3      | 2022 ||| DROPPING potion of invisibility.
  2023 | D:3      | 2023 ||| DROPPING potion of attraction.
  2024 | D:3      | 2024 ||| DROPPING potion of ambrosia.
  2064 | D:4      | Reached skill level 3 in Dodging
  2064 | D:4      | Found an ornate altar of the Wu Jian Council.
  2089 | D:4      | Noticed an ogre
  2091 | D:4      | Killed an ogre
  2092 | D:4      | Reached skill level 1 in Armour
  2156 | D:4      | Reached XP level 6. HP: 35/35 MP: 8/8
  2428 | D:4      | Identified the +4 long sword "Huudgh" {flame, *Rage Will+++
                  | Dex+5 Stlth-}
  2882 | D:4      | 2882 ||| READING scroll of enchant armour.
  2882 | D:4      | 2882 ||| ENCHANTING +1 ring mail.
  2911 | D:4      | 2911 ||| READING scroll of identify.
  2911 | D:4      | 2911 ||| IDENTIFYING fizzy coppery potion
  2912 | D:4      | 2912 ||| READING scroll labelled QEDUISTRU RURAU.
  2912 | D:4      | 2912 ||| ENCHANTING +0 heavy shortbow.
  2950 | D:5      | Entered Level 5 of the Dungeon
  3023 | D:5      | Reached skill level 3 in Fighting
  3037 | D:5      | Noticed an ice beast
  3041 | D:5      | 3041 ||| RETREEEEATING.
  3043 | D:5      | 3043 ||| RETREEEEATING.
  3047 | D:5      | Killed an ice beast
  3048 | D:5      | Reached XP level 7. HP: 41/41 MP: 9/9
  3131 | D:5      | 3131 ||| FLEEEEING.
  3132 | D:5      | 3132 ||| FLEEEEING.
  3133 | D:5      | 3133 ||| FLEEEEING.
  3134 | D:5      | 3134 ||| FLEEEEING.
  3135 | D:5      | 3135 ||| FLEEEEING.
  3136 | D:5      | 3136 ||| FLEEEEING.
  3200 | D:5      | 3200 ||| RETREEEEATING.
  3201 | D:5      | 3201 ||| RETREEEEATING.
  3202 | D:5      | 3202 ||| RETREEEEATING.
  3203 | D:5      | 3203 ||| RETREEEEATING.
  3204 | D:5      | 3204 ||| RETREEEEATING.
  3205 | D:5      | 3205 ||| RETREEEEATING.
  3207 | D:5      | Slain by an ogre

Levels and vault maps discovered:
D:1:      zaba_arrival_water, layout_basic, serial_shops, nicolae_shop_trees,
          shop, minmay_cupped
D:2:      cheibrodos_old_hovel, layout_basic, serial_rivers,
          chequers_serial_rivers_marsh, chequers_serial_rivers_marsh,
          chequers_serial_rivers_micro_e, chequers_serial_rivers_room_b,
          chequers_serial_rivers_small_3, chequers_serial_rivers_large_b,
          nicolae_ecumenical_pavilion
D:3:      layout_rooms, gammafunk_ghost_cemetery, serial_corexii_hall,
          chequers_hall_statues_y, corexii_hall_statues_i
D:4:      layout_cave_pods, nicolae_wu_jian_wuxing_cycle, grunt_ministairs_12,
          minmay_manual_moon
D:5:      layout_rooms, lemuel_coloured_pillars_altar, uniq_ijyb

Skill      XL: |  1  2  3  4  5  6  7 |
---------------+----------------------+-----
Ranged Weapons | 6 14 | 14.9
Fighting       | 2 3 |  3.0
Dodging        | 3 4 |  4.7
Armour         | 1 |  1.4
Stealth        | |  1.2

Action                     |  1- 3 |  4- 6 |  7- 9 || total
---------------------------+-------+-------+-------++-------
   Fire: Shortbow          |    85 |   120 |    17 ||   222
    Use: Scroll            |     3 |    10 |       ||    13
         Potion            |     1 |     4 |       ||     5
 Armour: Leather armour    |    12 |       |       ||    12
         Ring mail         |       |    18 |    10 ||    28
  Dodge: Dodged            |    12 |    12 |     3 ||    27

Table legend:
 A = Non-vault XP
 B = Vault XP
 C = Vault XP percentage of total XP
 D = Non-vault monster count
 E = Vault monster count
 F = Vault count percentage of total count
                 A         B        C        D         E       F
            +---------+---------+-------+---------+---------+-------
      Total |     803 |     100 |  11.1 |      82 |      11 |  11.8
            +---------+---------+-------+---------+---------+-------
        D:1 |      56 |       5 |   8.2 |      32 |       4 |  11.1
        D:2 |      54 |       1 |   1.8 |      16 |       1 |   5.9
        D:3 |      32 |       0 |   0.0 |       6 |       0 |   0.0
        D:4 |     277 |      94 |  25.3 |      18 |       6 |  25.0
        D:5 |     384 |       0 |   0.0 |      10 |       0 |   0.0
            +---------+---------+-------+---------+---------+-------
